 Dungeon Crawl Stone Soup version 0.28.0-45-g0d030f2227 (webtiles) character file.

Game seed: 198166703599604375

7312 pkoi the Martial Artist (level 10, -1/86 HPs)
             Began as a Demigod Gladiator on Apr 10, 2022.
             Slain by a cane toad (12 damage)
             ... on level 1 of the Lair of Beasts.
             The game lasted 00:16:52 (18295 turns).

pkoi the Martial Artist (Demigod Gladiator)        Turns: 18295, Time: 00:16:52

Health: -1/86      AC: 14    Str: 19    XL:     10   Next: 59%
Magic:  22/22      EV: 11    Int: 17    God:
Gold:   558        SH:  0    Dex: 25    Spells: 9/9 levels left

rFire   . . .      SeeInvis +     - Unarmed
rCold   . . .      Faith    .   (no shield)
rNeg    . . .      Spirit   .   y - +1 chain mail {Will+}
rPois   .          Reflect  .   a - +1 hat of Hedging {Int+3 SInv}
rElec   .          Harm     .   (no cloak)
rCorr   .          Rampage  .   n - +0 pair of gloves
Will    ++...                   e - +2 pair of boots
Stlth   ..........              m - amulet of the acrobat
HPRegen 0.24/turn               q - +6 ring of dexterity
MPRegen 0.18/turn               b - ring of magical power

@: lethally poisoned (-1 -> -5)
A: high MP 1, forlorn, divine attributes
a: no special abilities


You were on level 1 of the Lair of Beasts.
You visited 3 branches of the dungeon, and saw 11 of its levels.

You collected 558 gold pieces.

Inventory:

Hand Weapons
 u - a +4 flail of protection
 E - a +2 short sword of venom
 F - a +3 whip
Missiles
 c - 3 throwing nets (quivered)
 z - 9 poisoned darts
Armour
 a - the +1 hat of Hedging (worn) {Int+3 SInv}
   (You found it on level 9 of the Dungeon)

   Int:       It affects your intelligence (+3).
   SInv:      It lets you see invisible.
 e - a +2 pair of boots (worn)
 n - a +0 pair of gloves (worn)
 y - a +1 chain mail of willpower (worn)
Jewellery
 b - a ring of magical power (right hand)
 k - a ring of fire
 m - an amulet of the acrobat (around neck)
 q - a +6 ring of dexterity (left hand)
Wands
 l - a wand of charming (4)
 x - a wand of flame (1)
Scrolls
 d - a scroll of magic mapping {unknown}
 h - a scroll of enchant armour
 o - a scroll of fear
 r - a scroll of silence
 t - 2 scrolls of teleportation
 w - a scroll of brand weapon {unknown}
 B - 5 scrolls of identify
 C - a scroll of summoning
Potions
 f - a potion of magic
 g - 3 potions of brilliance
 i - 2 potions of curing
 p - a potion of haste
 s - 2 potions of lignification
 v - a potion of might
 A - a potion of heal wounds
 D - 2 potions of attraction {unknown}
Miscellaneous
 j - a condenser vane (inert)


   Skills:
 - Level 7.0 Fighting
 - Level 1.7 Throwing
 - Level 2.0 Armour
 - Level 6.0 Dodging
 * Level 11.1 Unarmed Combat
 + Level 6.5 Evocations


You had 9 spell levels left.
You didn't know any spells.
Your spell library contained the following spells:

 Spells                   Type           Power      Damage    Failure   Level
 Scorch                   Fire           0%         2d5       99%         2
 Sublimation of Blood     Necr           0%         N/A       99%         2
 Flame Wave               Conj/Fire      0%         2d4       100%        4
 Petrify                  Tmut/Erth      0%         N/A       100%        4
 Irradiate                Conj/Tmut      0%         3d13      100%        5
 Summon Cactus Giant      Summ           0%         N/A       100%        6


Dungeon Overview and Level Annotations

Branches:
Dungeon (9/15)             Temple (1/1) D:6            Lair (1/6) D:9
    Orc: D:9-12

Shops:
D:3 ?

Annotations:
D:7 1 transporter, math4jedi's ghost, novice HOFi


Innate Abilities, Weirdness & Mutations

You have an increased reservoir of magic. (+10% MP)
You shall have no god before yourself.
Your divine heritage dramatically boosts your attributes as you level up.


Message History

a cane toad corpse; a water moccasin corpse The cane toad croaks.
You punch the cane toad!
The cane toad is moderately wounded.
The cane toad stings you!!
* * * LOW HITPOINT WARNING * * *
You are poisoned.
The cane toad poisons you!
You hit the cane toad. You punch the cane toad!
The cane toad is heavily wounded.
You feel very sick. The cane toad stings you!
* * * LOW HITPOINT WARNING * * *
You barely miss the cane toad.
The cane toad is heavily wounded.
You feel very sick. The cane toad barely misses you.
You hit the cane toad.
The cane toad is severely wounded.
You feel sick. The cane toad barely misses you.
Aiming: Throw Flame
Press: ? - help, Shift-Dir - straight line, f - cane toad
Aim: a cane toad (severely wounded, 77% to hit)
The puff of flame hits the cane toad.
The cane toad is severely wounded.
You feel sick.
The cane toad stings you but does no damage.
Aiming: Throw Flame
Press: ? - help, Shift-Dir - straight line, f/p - cane toad
Aim: a cane toad (severely wounded, 77% to hit)
The puff of flame hits the cane toad.
The cane toad is almost dead.
You feel sick.
The cane toad stings you but does no damage.
Aiming: Throw Flame
Press: ? - help, Shift-Dir - straight line, f/p - cane toad
Aim: a cane toad (almost dead, 77% to hit)
The puff of flame misses the cane toad.
You feel sick. The cane toad stings you!
You die...

###......(..(...#.###.
#.).................
###........<..........
##..........(...##.####
#..............[P###
##.#.#..........##
#####.........##
#..####...# ##@.# #####
#F#### ##..#.#
##....#### ##........##
##..........#
#..........##
##..........#
#...........#


You could see a cane toad.

Vanquished Creatures
  Pikel (D:7)
  A deep elf pyromancer (D:9)
  A black mamba (D:9)
  2 cane toads (Lair:1)
  A troll (D:6)
  Prince Ribbit (D:5)
  A wraith (D:9)
  3 yaks (D:5)
  Grum (D:8)
  3 steam dragons
  4 water moccasins
  2 orc warriors
  A necrophage (D:5)
  A black bear (D:8)
  An ice beast (D:7)
  2 wolves (D:8)
  3 centaurs
  2 lemures (D:7)
  A phantom (D:5)
  A kobold brigand (D:7)
  Blork the orc (D:6)
  5 bullfrogs
  5 scorpions
  A gnoll sergeant (D:8)
  8 killer bees
  4 wights
  5 howler monkeys
  5 centaur zombies
  2 centaur skeletons
  4 hounds
  2 orc priests
  A bullfrog skeleton (D:6)
  4 iguanas
  Ijyb (D:5)
  12 orc wizards
  A killer bee zombie (D:8)
  A hound zombie (D:5)
  Robin (D:3)
  9 gnolls
  2 adders
  A shadow imp (D:4)
  3 white imps
  A worm (D:2)
  3 dart slugs
  29 orcs
  4 ball pythons
  8 bats
  6 endoplasms
  7 giant cockroaches
  7 hobgoblins
  4 jackals (D:3)
  8 kobolds
  3 quokkas
  2 frilled lizards
  14 goblins
  2 rats (D:2)
209 creatures vanquished.

Vanquished Creatures (collateral kills)
  2 killer bees
2 creatures vanquished.

Vanquished Creatures (others)
  2 killer bees
  A rat (D:1)
  63 fungi
  33 plants
  6 toadstools (D:7)
105 creatures vanquished.

Grand Total: 316 creatures vanquished

Notes
Turn   | Place    | Note
-------+----------+-------------------------------------------
     0 | D:1      | pkoi the Demigod Gladiator began the quest for the Orb.
     0 | D:1      | Reached XP level 1. HP: 17/17 MP: 3/3
   425 | D:1      | Reached skill level 3 in Unarmed Combat
   671 | D:1      | Reached XP level 2. HP: 17/24 MP: 4/4
  2121 | D:2      | Reached XP level 3. HP: 24/29 MP: 5/5
  2217 | D:2      | Reached skill level 4 in Unarmed Combat
  3325 | D:3      | Found Dovigus's Magic Scroll Emporium.
  3599 | D:4      | Reached XP level 4. HP: 28/36 MP: 6/6
  4202 | D:5      | Entered Level 5 of the Dungeon
  4202 | D:5      | Noticed a centaur
  4215 | D:4      | Killed a centaur
  4216 | D:4      | Reached skill level 5 in Unarmed Combat
  4216 | D:4      | Reached XP level 5. HP: 17/41 MP: 7/7
  4650 | D:4      | Reached skill level 1 in Armour
  4874 | D:5      | Reached XP level 6. HP: 50/50 MP: 8/8
  5011 | D:5      | Noticed Ijyb
  5343 | D:5      | Killed Ijyb
  5486 | D:5      | Reached skill level 6 in Unarmed Combat
  5626 | D:5      | Reached XP level 7. HP: 48/57 MP: 9/9
  5793 | D:5      | Noticed a yak
  5796 | D:5      | Reached skill level 1 in Evocations
  5796 | D:5      | Noticed a yak
  5797 | D:5      | Noticed Prince Ribbit
  5812 | D:5      | Noticed a yak
  6381 | D:4      | Noticed Robin
  6615 | D:3      | Killed Robin
  7546 | D:5      | Killed Prince Ribbit
  7547 | D:5      | Reached skill level 7 in Unarmed Combat
  7726 | D:5      | Reached XP level 8. HP: 63/66 MP: 10/10
  8090 | D:5      | Reached skill level 5 in Dodging
  8611 | D:6      | Found a staircase to the Ecumenical Temple.
  8648 | Temple   | Entered the Ecumenical Temple
  8922 | D:6      | Noticed Blork the orc
  8930 | D:6      | Killed Blork the orc
  9741 | D:6      | Noticed a troll
  9753 | D:6      | HP: 3/67 [troll (14)]
  9754 | D:6      | Killed a troll
  9755 | D:6      | Reached skill level 8 in Unarmed Combat
 10746 | D:6      | Reached XP level 9. HP: 69/73 MP: 11/11
 10768 | D:6      | Reached skill level 5 in Fighting
 11568 | D:7      | Found a transporter.
 11571 | D:7      | Noticed math4jedi's ghost (novice HOFi)
 12488 | D:7      | Reached skill level 9 in Unarmed Combat
 13641 | D:8      | Noticed Pikel
 13813 | D:7      | Killed Pikel
 13814 | D:7      | Reached skill level 5 in Evocations
 13910 | D:8      | Noticed Grum
 13923 | D:8      | Killed Grum
 14850 | D:9      | Found a staircase to the Lair.
 14865 | D:9      | Reached XP level 10. HP: 83/83 MP: 13/13
 14965 | D:9      | Reached skill level 10 in Unarmed Combat
 15094 | D:9      | Noticed a deep elf pyromancer
 15730 | D:9      | Identified the +1 hat of Hedging {Int+3 SInv}
 17222 | D:9      | Killed a deep elf pyromancer
 17446 | Lair:1   | Entered Level 1 of the Lair of Beasts
 17446 | Lair:1   | Noticed a black mamba
 17460 | D:9      | Killed a black mamba
 18194 | Lair:1   | Reached skill level 11 in Unarmed Combat
 18295 | Lair:1   | Slain by a cane toad

Illustrated notes

Levels and vault maps discovered:
D:1:      onia_arrival_mini_maze, layout_loops_corners,
          shapermc_ecumenical_altar_ellora
D:2:      layout_basic, minmay_tiny_reverse_x
D:3:      layout_basic, mainiacjoe_overflow_brackets, serial_shops,
          shop_scrolls, nicolae_figureground_sparkle
D:4:      layout_basic, uniq_robin
D:5:      layout_cave_pools, uniq_prince_ribbit1, uniq_ijyb
D:6:      layout_layer_cave, amcnicky_altar_gilded, minmay_temple_entry_slanted,
          minmay_hedge_maze, uniq_blork_the_orc
D:7:      layout_basic, gammafunk_ghost_stat_death, minmay_stone_trees_medium,
          serial_bayou_pond_a, minmay_gold_behind_fungi
D:8:      kennysheep_steamy, layout_loops_cross,
          chequers_temple_overflow_minitemple, ebering_ghost_reflecting_pool,
          minmay_misc_feat_tower, chequers_serial_rivers_small_a, uniq_grum,
          uniq_pikel
D:9:      layout_long_grid, due_lair_maze_entry_diamond, enter_bailey_2,
          kennysheep_path_1
Temple:   eino_temple_lava
Lair:1:   layout_cave_pods, gammafunk_ghost_hive

Skill      XL: |  1  2  3  4  5  6  7  8  9 10 |
---------------+-------------------------------+-----
Unarmed Combat | 3 4 5 6 7 8 9 11 | 11.1
Fighting       | 2 3 4 6 7 |  7.0
Dodging        | 3 4 5 6 |  6.0
Armour         | 1 2 |  2.0
Evocations     | 2 3 5 6 |  6.5
Throwing       | |  1.7

Action                   |  1- 3 |  4- 6 |  7- 9 | 10-12 || total
-------------------------+-------+-------+-------+-------++-------
Melee: Unarmed           |   177 |    39 |   216 |   183 ||   615
       Punch             |     6 |     5 |    29 |    16 ||    56
       Flail             |       |    98 |   277 |       ||   375
Throw: Throwing net      |       |       |     1 |       ||     1
Evoke: Wand              |       |     1 |     7 |     4 ||    12
       Condenser vane    |       |       |       |     1 ||     1
  Use: Scroll            |     6 |       |     7 |       ||    13
       Potion            |     2 |       |     3 |     2 ||     7
 Stab: Sleeping          |     1 |       |       |       ||     1
Armor: Leather armour    |    61 |    81 |     3 |       ||   145
       Chain mail        |       |       |   393 |   131 ||   524
Dodge: Dodged            |   103 |   118 |   366 |   150 ||   737
